 Dungeon Crawl Stone Soup version 0.19-a0-36-g4a0968a (webtiles) character file.

170 Chaotic the Cudgeler (level 5, -2/45 HPs)
             Began as a Minotaur Berserker on May 4, 2016.
             Was a Priest of Trog.
             Slain by an ogre
             ... wielding a +0 giant spiked club
              (12 damage)
             ... on level 3 of the Dungeon.
             The game lasted 00:08:40 (2919 turns).

Chaotic the Cudgeler (Minotaur Berserker)           Turns: 2919, Time: 00:08:40

Health: -2/45      AC:  5    Str: 22    XL:     5   Next: 25%
Magic:  4/4        EV: 11    Int:  4    God:    Trog [***...]
Gold:   139        SH:  0    Dex: 10    Spells: 0 memorised, 4 levels left

rFire  . . .     SeeInvis .     a - +0 mace
rCold  . . .     Gourm    .     o - +0 ring mail
rNeg   . . .     Faith    .     (no shield)
rPois  .         Spirit   .     (helmet restricted)
rElec  .         Dismiss  .     (no cloak)
rCorr  .         Reflect  .     (no gloves)
SustAt .         Harm     .     (no boots)
MR     .....                    (no amulet)
Stlth  ..........               (no ring)
                                e - ring of flight

@: not resistant to hostile enchantments, extremely unstealthy
A: retaliatory headbutt, horns 2
a: Berserk, Trog's Hand, Burn Spellbooks, Renounce Religion, Evoke Flight


You were on level 3 of the Dungeon.
You worshipped Trog.
Trog was most pleased with you.
You were not hungry.

You visited 1 branch of the dungeon, and saw 4 of its levels.

You collected 139 gold pieces.

Inventory:

Hand Weapons
 a - a +0 mace (weapon)
Armour
 b - a +0 animal skin
 o - a +0 ring mail (worn)
Jewellery
 e - a ring of flight (left hand)
 u - an uncursed ring of see invisible {unknown}
Scrolls
 d - 3 scrolls of remove curse
 h - a scroll of enchant weapon {unknown}
 i - 3 scrolls of enchant armour {unknown}
 m - a scroll of recharging {unknown}
 n - 6 scrolls of identify {unknown}
 p - a scroll of amnesia {unknown}
 r - 2 scrolls of immolation {unknown}
 s - a scroll of teleportation {unknown}
Potions
 f - a potion of agility {unknown}
 g - a potion of degeneration {unknown}
 j - a potion of flight {unknown}
 k - a potion of ambrosia {unknown}
 l - 3 potions of curing
 q - a potion of invisibility {unknown}
Comestibles
 c - 4 bread rations
 t - 3 fruits


   Skills:
 - Level 3.6 Fighting
 + Level 7.2 Maces & Flails
 - Level 2.4 Armour
 - Level 2.1 Dodging


You had 4 spell levels left.
You didn't know any spells.

Dungeon Overview and Level Annotations

Branches:
Dungeon (4/15)
 Temple: D:4-7

Altars:


Innate Abilities, Weirdness & Mutations

You reflexively headbutt those who attack you in melee.
You have a pair of horns on your head.


Message History

The ogre hits you with a giant spiked club!!
An ogre is nearby!
You thump the ogre!
The ogre is severely wounded.
The ogre hits you with a giant spiked club!
* * * LOW HITPOINT WARNING * * *
An ogre is nearby!
You are too injured to fight recklessly!
An ogre is nearby!
You are too injured to fight recklessly!
You are too injured to fight recklessly!
You see here 17 gold pieces.
There is a stone staircase leading up here.
You climb upwards.
There is a stone staircase leading down here.
The ogre hits you with a giant spiked club!
* * * LOW HITPOINT WARNING * * *
It was a potion of curing.
You feel better.
The ogre hits you with a giant spiked club!
You die...

#......................
#......................
#......................
#......................
#......................
#......................
##..............#######
#.....................
#....@................
#.....O..>............
#.....................
####........##........
#..........##........
#..........##########
#.........##
#.........# #.........#


You could see an ogre.

Vanquished Creatures
  A howler monkey (D:3)
  3 adders
  3 worms
  3 dart slugs
  7 giant geckos
  4 orcs (D:3)
  4 giant cockroaches
  6 goblins
  6 hobgoblins
  7 jackals
  3 ball pythons
  13 bats
  3 giant newts
  7 kobolds
  9 rats
79 creatures vanquished.

Notes
Turn   | Place    | Note
--------------------------------------------------------------
     0 | D:1      | Chaotic the Minotaur Berserker began the quest for the Orb.
     0 | D:1      | Reached XP level 1. HP: 19/19 MP: 0/0
   535 | D:1      | Reached skill level 4 in Maces & Flails
   667 | D:1      | Reached XP level 2. HP: 26/26 MP: 1/1
   940 | D:1      | Reached skill level 5 in Maces & Flails
  1085 | D:1      | Reached XP level 3. HP: 28/31 MP: 2/2
  1118 | D:1      | Reached ** piety under Trog
  2055 | D:2      | Reached XP level 4. HP: 39/39 MP: 3/3
  2179 | D:3      | Reached skill level 6 in Maces & Flails
  2254 | D:3      | Reached *** piety under Trog
  2359 | D:3      | Reached XP level 5. HP: 38/45 MP: 4/4
  2364 | D:3      | Reached skill level 7 in Maces & Flails
  2903 | D:4      | Noticed an ogre
  2919 | D:3      | Slain by an ogre

Vault maps used:
D:1:      evilmike_arrival_run_for_it
D:2:      first_bread
D:3:      serial_glass, glass_columns_b, glass_columns_a,
          hangedman_abyss_or_decor_stabs
D:4:      gammafunk_temple_overflow_elements, gammafunk_temple_overflow_wave,
          uniq_blork_the_orc

Skill      XL: |  1  2  3  4  5 |
---------------+----------------+-----
Maces & Flails | 4 5 6 7 |  7.2
Fighting       | |  3.6
Armour         | |  2.4
Dodging        | |  2.1

Action                   |  1- 3 |  4- 6 || total
-------------------------+-------+-------++-------
Melee: Mace              |    91 |    62 ||   153
       Headbutt          |    15 |    12 ||    27
  Use: Scroll            |     2 |       ||     2
       Potion            |       |     1 ||     1
 Stab: Sleeping          |     1 |       ||     1
  Eat: Chunk             |     4 |     2 ||     6
Armor: Animal skin       |     8 |       ||     8
       Ring mail         |    17 |    28 ||    45
Dodge: Dodged            |    59 |    35 ||    94
